 Dungeon Crawl Stone Soup version 0.31-a0-365-gcf821cafb2 (webtiles) character file.

Game seed: 10001069135149243548

179223 Dordric the Brawler (level 17, -2/202 HPs)
             Began as a Troll Shapeshifter on July 27, 2023.
             Was a High Priest of Trog.
             Killed from afar by a spriggan druid (8 damage)
             ... with a stone arrow
             ... on level 4 of the Swamp.
             The game lasted 00:50:19 (23601 turns).

Dordric the Brawler (Troll Shapeshifter)           Turns: 23601, Time: 00:50:20

Health: -2/202     AC: 25    Str: 27    XL:     17   Next: 60%
Magic:  16/16      EV:  2    Int:  4    God:    Trog [*****.]
Gold:   1218       SH:  5    Dex: 16    Spells: 16/16 levels left

rFire   + +          .
                       - Unarmed
rCold   + . .        (no shield)
rNeg    + . .        P - +7 gold dragon scales "Xesokk" {rPois rF+ rC+ rN+}
rPois   +            (helmet currently unavailable)
rElec   .            (cloak currently unavailable)
rCorr   .            (gloves unavailable)
SInv    .            (boots unavailable)
Will    +++..        o - amulet of reflection Stlth
                     p - +4 ring of protection
HPRegen 2.33/turn    Z - +4 ring of slaying
MPRegen 0.15/turn

%: reflection
@: beast-form, marked, strong-willed, on berserk cooldown, regenerating, slowed,
very slow
A: beast (slay +7), large, unfitting armour, claws 3, regeneration 1, shaggy fur
1, tough skin 1, fire resistance 1, robust 1, inability to drink after injury 1
a: Begin Untransformation, Renounce Religion, Berserk, Trog's Hand, Brothers in
Arms


You were on level 4 of the Swamp.
You worshipped Trog.
Trog was extremely pleased with you.
You were a hulking beast.
You visited 7 branches of the dungeon, and saw 26 of its levels.
You also visited: Ossuary and Bailey.

You collected 3585 gold pieces.
You spent 2367 gold pieces at shops.

Inventory:

Missiles
 h - 4 throwing nets
Armour
 t - a +1 cloak
 P - the +7 gold dragon scales "Xesokk" (worn) {rPois rF+ rC+ rN+}
   (You bought it in a shop on level 4 of the Dungeon)

   rF:        It protects you from fire.
   rC:        It protects you from cold.
   rPois:     It protects you from poison.
   rN:        It protects you from negative energy.
 T - a +2 hat
Jewellery
 d - a ring of see invisible
 e - a +5 ring of evasion
 g - a ring of protection from fire
 j - an amulet of regeneration
 k - a +4 ring of protection
 o - an amulet of reflection (around neck)
 p - a +4 ring of protection (left claw)
 q - a ring of protection from fire
 v - a ring of ice
 D - the ring of Gutaim {rPois rN+ Dex+5 Stlth-}
   (You found it on level 7 of the Dungeon)

   [ring of positive energy]

   Dex:       It affects your dexterity (+5).
   rPois:     It protects you from poison.
   rN:        It protects you from negative energy.
   Stlth:     It makes you less stealthy.
 E - a ring of flight
 F - a +5 ring of evasion
 J - an amulet of the acrobat
 K - a ring of ice
 W - a ring of protection from cold
 X - a +6 ring of dexterity
 Z - a +4 ring of slaying (right claw)
Talismans
 c - a beast talisman
Wands
 a - a wand of polymorph (8)
 m - a wand of charming (22)
 r - a wand of iceblast (25)
 u - a wand of digging (21)
 w - a wand of light (24)
 V - a wand of mindburst (7)
 Y - a wand of flame (44)
Scrolls
 n - a scroll of identify
 s - 2 scrolls of enchant weapon
 y - 7 scrolls of blinking
 C - 2 scrolls of poison
 H - 4 scrolls of vulnerability
 I - a scroll of torment
 L - 7 scrolls of teleportation
 M - 4 scrolls of fear
 R - a scroll of fog
 U - a scroll of revelation
Potions
 b - 4 potions of lignification
 f - 9 potions of curing
 i - 3 potions of enlightenment
 l - 3 potions of heal wounds
 x - 4 potions of might
 z - 4 potions of magic
 A - 2 potions of resistance
 B - a potion of ambrosia
 G - a potion of berserk rage
 N - 2 potions of haste
 O - 2 potions of invisibility
 Q - a potion of attraction
 S - a potion of mutation


   Skills:
 - Level 15.0 Fighting
 - Level 1.5 Dodging
 + Level 19.5 Unarmed Combat
 - Level 16.2 Shapeshifting


You had 16 spell levels left.
You didn't know any spells.
Your spell library contained the following spells:

 Spells                   Type           Power      Damage    Failure   Level
 Magic Dart               Conj           0%         1d3       100%        1
 Call Imp                 Summ           0%         N/A       100%        2
 Call Canine Familiar     Summ           0%         N/A       100%        3
 Mephitic Cloud           Conj/Pois/Air  0%         N/A       100%        3
 Portal Projectile        Hex/Tloc       0%         N/A       100%        3
 Vhi's Electric Charge    Tloc/Air       0%         N/A       100%        3
 Leda's Liquefaction      Hex/Erth       0%         N/A       100%        4
 Arcjolt                  Conj/Air       0%         1d10      100%        5
 Maxwell's Capacitive Co  Air            0%         ∞         100%        8


Dungeon Overview and Level Annotations

Branches:
Dungeon (12/15)            Temple (1/1) D:6            Lair (5/5) D:11
  Swamp (4/4) Lair:3       Spider (1/4) Lair:3        Slime (0/5) Lair:4
    Orc (2/2) D:9             Elf (1/3) Orc:2       Ossuary (visited)
 Bailey (visited)

Altars:
Ashenzari
Cheibriados
Dithmenos
Elyvilon
Fedhas
Gozag
Hepliaklqana
Kikubaaqudgha
Makhleb
Nemelex Xobeh
Okawaru
Qazlal
Ru
Sif Muna
Trog
Uskayaw
Vehumet
Wu Jian
Xom
Yredelemnul
Zin
The Shining One
Lugonu

Shops:
D:4 [   D:5 *   Orc:1 :   Orc:2 =[!:

Annotations:
D:5 1 transporter, gregwegmann's ghost, amateur SpHu
D:8 3 runed translucent doors, epsilonplus's ghost, novice TrBe
Lair:4 1 runed translucent door


Innate Abilities, Weirdness & Mutations

You are a hulking beast.
Your limbs bulge with bestial killing power. (Slay +7)
You are too large for most types of armour.
You have claws for hands.
Your natural rate of healing is unusually fast.
You are covered in fur. (AC +1)
You have tough skin. (AC +1)
Your flesh is heat resistant. (rF+)
You are robust. (+10% HP)
You occasionally lose the ability to drink potions when taking damage.


Message History

The bunyip claws you but does no damage. x2
The spriggan barely misses your ogre.
You mangle the thorn hunter!!
You destroy the thorn hunter!
Trog accepts your kill.
The spriggan druid casts a spell at you.
The stone arrow hits you!!
* * * LOW HITPOINT WARNING * * *
You completely miss the spriggan.
The spriggan is heavily wounded.
Your ogre closely misses the spriggan.
The spriggan hits you but does no damage.
The spriggan druid attacks as you move away!
The spriggan druid hits you but does no damage.
You see here a bog body corpse.
The spriggan attacks as you move away!
The spriggan hits you but does no damage.
You feel a strong urge to attack something.
Your ogre closely misses the spriggan.
You enter the shallow water.
The spriggan attacks as you move away!
The spriggan hits you but does no damage.
You feel your anger nearly subside.
You are no longer berserk.
You are exhausted.
You feel yourself slow down.
A spriggan druid comes into view.
It is wielding a +0 spectral quarterstaff.
The spriggan druid hits you but does no damage.
The spriggan druid attacks as you move away!
The spriggan druid hits you with a +0 quarterstaff.
* * * LOW HITPOINT WARNING * * *
The briar patch crumbles away. x3
Your ogre completely misses the spriggan.
The bunyip barely misses your ogre. The bunyip closely misses your ogre.
The bunyip claws your ogre!!!
The spriggan throws a stone.
You block the stone with an invisible shield... and reflect it back!
The stone completely misses the bog body.
The stone hits the spriggan but does no damage.
The spriggan druid casts a spell at you.
The stone arrow hits you!
You die...

..♣♣.~~~~♣ ♣...~!.~.~~
♣♣.~.♣♣....~
......~..~~ ♣..~~~~~~~
♣~~~~§~~..
♣♣♣♣.~~~~...♣ ♣♣♣
♣♣~♣♣.~~.).♣♣♣
♣♣♣.♣♣♣♣..♣♣.~.~.~♣
♣♣..~h♣~P~~..~~~..♣♣ ~
♣♣♣...~♣.~P~~..~~~~♣♣
..♣♣~Dinii♣~~P~.§~~~.♣♣
....~§.~DO..~~♣~~~~.~♣
♣~..~.[.x.♣~♣♣♣♣♣~♣♣♣♣
.~...~i~~.♣♣♣ ♣♣♣
...i~♣)♣)~.♣
.~....~|~.♣~♣
..~.....~~.~P♣


You could see a bunyip (ally target), a four-headed hydra, a swamp dragon, 2
spriggan druids, a bog body, 3 spriggans and a friendly ogre (summoned,
berserk).

Vanquished Creatures
  Mara (Swamp:4)
  A tentacled monstrosity (Swamp:2)
  Mlioglotl (Swamp:3)
  2 thorn hunters
  Kirke (Lair:5)
  Donald (Orc:2)
  2 fenstrider witches
  An orc warlord (Bailey)
  5 eleionomae
  6 dire elephants (Lair:5)
  Azrael (Orc:2)
  4 bunyips
  Snorg (Lair:4)
  2 shambling mangroves
  A deep elf high priest (Elf:1)
  Fannar (Lair:2)
  Harold (Lair:2)
  16 hydras
  A ghost crab (Swamp:3)
  2 catoblepae
  4 ogre magi (Orc:2)
  A death yak (Lair:4)
  A centaur warrior (D:12)
  17 two-headed ogres
  2 boulder beetles
  4 dancing weapons (Elf:1)
  7 alligators
  2 demonic crawlers (Spider:1)
  Sonja (Lair:5)
  A skyshark (Lair:5)
  A pharaoh ant (Lair:3)
  A spectral death yak (Lair:5)
  5 goliath frogs
  A spectral anaconda (Lair:5)
  A spriggan druid (Swamp:2)
  A deep elf knight (Elf:1)
  10 swamp dragons
  12 bog bodies
  Pikel (D:7)
  4 deep elf archers (Elf:1)
  A lindwurm (D:9)
  7 deep elf zephyrmancers (Elf:1)
  An obsidian statue (Lair:5)
  3 necromancers (Lair:5)
  12 deep elf pyromancers
  A steelbarb worm (Spider:1)
  An orc sorcerer (Orc:2)
  A will-o-the-wisp (Swamp:3)
  3 cyclopes
  14 elephants
  2 dire elephant zombies (Lair:5)
  2 black mambas
  A gargoyle (D:6)
  2 torpor snails (Lair:4)
  13 cane toads
  An unseen horror (D:10)
  4 rime drakes
  Maggie (D:10)
  A dire elephant skeleton (Lair:5)
  18 komodo dragons
  2 ice devils (Lair:3)
  4 polar bears
  6 trolls
  33 blink frogs
  17 hornets
  A tarantella (Lair:3)
  5 tyrant leeches
  3 dream sheep (Lair:4)
  2 spectral elephants (Lair:5)
  4 slime creatures (D:12)
  3 air elementals (Elf:1)
  4 jumping spiders
  A water elemental (Elf:1)
  6 wraiths
  7 wyverns
  2 culicivoras (Spider:1)
  14 spriggans
  A hog (Lair:4)
  9 basilisks
  55 yaks
  8 fire elementals
  14 vampire mosquitoes
  7 redbacks
  4 steam dragons
  3 spectral cane toads (Lair:5)
  Edmund (D:6)
  8 swamp worms
  A warg (Orc:2)
  An acid dragon (D:9)
  4 hell hounds
  16 water moccasins
  3 ice beasts
  7 swamp drakes
  15 orc warriors
  2 elephant zombies (Lair:5)
  5 black bears
  22 ogres
  8 wolves
  8 centaurs
  A phantom (D:5)
  2 kobold brigands
  2 elephant skeletons (Lair:5)
  Blork the orc (D:4)
  24 bullfrogs
  2 gnoll sergeants
  4 scorpions
  An earth elemental (Elf:1)
  10 wights
  10 killer bees
  3 elephant simulacra (Lair:5)
  3 electric eels
  8 howler monkeys
  3 centaur zombies (Ossuary)
  2 lava snakes (D:9)
  2 jellies (D:7)
  10 orc priests
  A gnoll bouda (D:8)
  4 hounds
  Ijyb (D:2)
  3 iguanas
  12 orc wizards
  4 sleepcaps
  6 mummies
  Robin (D:3)
  5 adders
  13 gnolls
  A white imp (D:5)
  An ufetubus (D:6)
  A worm (D:4)
  3 dart slugs
  48 orcs
  5 endoplasms
  3 giant cockroaches
  18 goblins
  11 hobgoblins
  32 kobolds
  7 quokkas
  3 ball pythons
  3 bats
  6 frilled lizards
  4 hobgoblin zombies (Ossuary)
  6 rats
823 creatures vanquished.

Vanquished Creatures (collateral kills)
  A deep elf pyromancer (Elf:1)
  A blink frog (Lair:5)
  3 yaks (Lair:5)
  A basilisk (Lair:5)
6 creatures vanquished.

Vanquished Creatures (others)
  A deep elf knight (Elf:1)
  A deep elf pyromancer (Elf:1)
  2 bloated husks (Swamp:3)
  A swamp drake (Swamp:4)
  An orc (Orc:2)
  2 foxfires (Swamp:3)
8 creatures vanquished.

Grand Total: 837 creatures vanquished

Notes
Turn   | Place    | Note
-------+----------+-------------------------------------------
     0 | D:1      | Dordric the Troll Shapeshifter began the quest for the Orb.
     0 | D:1      | Reached XP level 1. HP: 18/18 MP: 0/0
   117 | D:1      | Reached XP level 2. HP: 25/26 MP: 1/1
   196 | D:1      | Reached skill level 4 in Unarmed Combat
   349 | D:1      | Reached XP level 3. HP: 32/32 MP: 2/2
  1011 | D:3      | Found a burning altar of Makhleb.
  1129 | D:3      | Noticed Robin
  1129 | D:3      | Noticed Ijyb
  1164 | D:2      | Killed Ijyb
  1165 | D:2      | Reached skill level 5 in Unarmed Combat
  1165 | D:2      | Reached XP level 4. HP: 40/40 MP: 3/3
  1190 | D:3      | Killed Robin
  1387 | D:3      | Found a sacrificial altar of Ru.
  1573 | D:4      | Noticed Blork the orc
  1583 | D:4      | Killed Blork the orc
  1584 | D:4      | Reached skill level 6 in Unarmed Combat
  1584 | D:4      | Reached XP level 5. HP: 39/46 MP: 4/4
  1915 | D:4      | Reached XP level 6. HP: 44/54 MP: 2/5
  2085 | D:4      | Found Venera's Dragon-Slaying Spoils.
  2167 | D:5      | Entered Level 5 of the Dungeon
  2171 | D:5      | Found a shimmering altar of Xom.
  2182 | D:5      | Reached skill level 7 in Unarmed Combat
  2279 | D:5      | Found Dofavil's Mayhem Merchandise.
  2350 | D:5      | Reached skill level 8 in Unarmed Combat
  2355 | D:5      | Reached XP level 7. HP: 45/61 MP: 3/6
  2626 | D:5      | Found a transporter.
  2630 | D:5      | Noticed gregwegmann's ghost (amateur SpHu)
  2843 | D:6      | Reached skill level 9 in Unarmed Combat
  2866 | D:6      | Found a white marble altar of Elyvilon.
  2878 | D:6      | Found a staircase to the Ecumenical Temple.
  2923 | Temple   | Entered the Ecumenical Temple
  2941 | Temple   | Became a worshipper of Trog the Wrathful
  3022 | D:6      | Found a sand-covered staircase.
  3027 | D:6      | Reached XP level 8. HP: 65/68 MP: 4/7
  3037 | Ossuary  | Entered an ossuary
  3049 | Ossuary  | Reached skill level 10 in Unarmed Combat
  3122 | Ossuary  | Reached * piety under Trog
  3181 | Ossuary  | Identified a scroll of acquirement
  3181 | Ossuary  | Acquired 1213 gold pieces
  3691 | D:6      | Noticed Edmund
  3697 | D:6      | Killed Edmund
  3761 | D:6      | Noticed a gargoyle
  3761 | D:6      | Noticed a troll
  3767 | D:6      | Killed a gargoyle
  3768 | D:6      | Reached skill level 11 in Unarmed Combat
  3931 | D:6      | Reached skill level 12 in Unarmed Combat
  3931 | D:6      | Reached XP level 9. HP: 69/75 MP: 6/8
  3981 | D:6      | Killed a troll
  4430 | D:7      | Identified the ring of Gutaim {rPois rN+ Dex+5 Stlth-}
  4430 | D:7      | Noticed Pikel
  4461 | D:7      | Killed Pikel
  4462 | D:7      | Reached skill level 13 in Unarmed Combat
  4619 | D:7      | Reached ** piety under Trog
  4620 | D:7      | Reached skill level 14 in Unarmed Combat
  4960 | D:7      | Reached XP level 10. HP: 83/83 MP: 9/9
  5078 | D:7      | Found a broken altar of Ashenzari.
  5083 | D:7      | Found a glowing golden altar of the Shining One.
  5084 | D:7      | Found an ornate altar of the Wu Jian Council.
  5085 | D:7      | Found a radiant altar of Vehumet.
  5088 | D:7      | Found a hide-covered altar of Uskayaw.
  5407 | D:8      | Noticed epsilonplus's ghost (novice TrBe)
  5425 | D:8      | Found a runed translucent gate.
  5425 | D:8      | Found a runed translucent gate.
  5426 | D:8      | Found a runed translucent gate.
  5725 | D:8      | Reached skill level 15 in Unarmed Combat
  6081 | D:8      | Noticed a two-headed ogre
  6081 | D:8      | Noticed a two-headed ogre
  6094 | D:8      | Killed a two-headed ogre
  6101 | D:8      | Killed a two-headed ogre
  6101 | D:8      | Reached *** piety under Trog
  6102 | D:8      | Reached skill level 5 in Shapeshifting
  6141 | D:8      | Found the +12 pair of quick blades "Gyre" and "Gimble"
                  | {protect}
  6659 | D:9      | Found a glowing silver altar of Zin.
  6659 | D:9      | Found a stormy altar of Qazlal.
  6675 | D:9      | Found a flagged portal.
  6694 | Bailey   | Entered a bailey
  6699 | Bailey   | Noticed an orc warlord
  6765 | Bailey   | Found a runed translucent gate.
  6765 | Bailey   | Found a runed translucent gate.
  6765 | Bailey   | Found a runed translucent gate.
  6779 | Bailey   | Reached XP level 11. HP: 83/89 MP: 8/10
  7057 | Bailey   | Killed an orc warlord
  7075 | Bailey   | Identified the +7 double sword of the Seven Defenders
                  | {vamp, rC+ rN+}
  7628 | D:4      | Bought the +7 gold dragon scales "Xesokk" {rPois rF+ rC+
                  | rN+} for 1647 gold pieces
  7884 | D:9      | Found a hazy altar of Hepliaklqana.
  7924 | D:9      | Found a runed translucent door.
  8076 | D:9      | Found a staircase to the Orcish Mines.
  8131 | D:10     | Entered Level 10 of the Dungeon
  8195 | D:9      | Found an opulent altar of Gozag.
  8345 | D:9      | Found a runed translucent gate.
  8347 | D:9      | Found a runed translucent gate.
  8353 | D:9      | Found a runed translucent gate.
  8353 | D:9      | Found a runed translucent gate.
  8353 | D:9      | Found a runed translucent gate.
  8353 | D:9      | Noticed a lindwurm
  8353 | D:9      | Noticed a boulder beetle
  8354 | D:9      | Found a runed translucent gate.
  8357 | D:9      | Reached XP level 12. HP: 97/97 MP: 11/11
  8358 | D:9      | Reached XP level 13. HP: 104/104 MP: 12/12
  8762 | D:10     | Found an iron altar of Okawaru.
  8995 | D:10     | Reached **** piety under Trog
  9121 | D:10     | Found a snail-covered altar of Cheibriados.
  9136 | D:10     | Noticed Maggie
  9149 | D:10     | Killed Maggie
  9506 | D:11     | Found a staircase to the Lair.
  9661 | D:11     | Identified the +11 long sword of Freehold {pain, Str+3}
 10427 | D:12     | Reached ***** piety under Trog
 10677 | D:12     | Identified the +1 morningstar of Urgency {holy, rPois rF-
                  | rN++ Stlth+}
 11323 | Lair:1   | Entered Level 1 of the Lair of Beasts
 11448 | Lair:1   | Reached skill level 15 in Shapeshifting
 11888 | Lair:1   | Reached XP level 14. HP: 81/111 MP: 9/13
 12300 | Lair:2   | Noticed Harold
 12313 | Lair:2   | Killed Harold
 12537 | Lair:2   | Reached skill level 1 in Fighting
 13007 | Lair:2   | Noticed Fannar
 13015 | Lair:2   | Killed Fannar
 13334 | Lair:3   | Found a hole to the Spider Nest.
 13507 | Lair:3   | Reached skill level 5 in Fighting
 14004 | Lair:3   | Received a gift from Trog
 14032 | Lair:3   | Found a staircase to the Swamp.
 14501 | Lair:4   | Found a runed translucent door.
 14969 | Lair:4   | Received a gift from Trog
 15150 | Lair:4   | Found a staircase to the Slime Pits.
 15220 | Lair:4   | Noticed Snorg
 15228 | Lair:4   | Killed Snorg
 15246 | Lair:4   | Reached XP level 15. HP: 136/146 MP: 7/14
 15746 | Lair:5   | Entered Level 5 of the Lair of Beasts
 15859 | Lair:5   | Gained mutation: You have hidden genetic defects. [potion
                  | of mutation]
 15859 | Lair:5   | Gained mutation: You are robust. (+10% HP) [potion of
                  | mutation]
 15859 | Lair:5   | Gained mutation: You have large cloven feet. [potion of
                  | mutation]
 15859 | Lair:5   | Gained mutation: You passively dampen the noise of your
                  | surroundings. [potion of mutation]
 15885 | Lair:5   | Noticed Kirke
 15903 | Lair:4   | Reached skill level 10 in Fighting
 15953 | Lair:5   | Killed Kirke
 16131 | Lair:5   | Noticed Sonja
 16164 | Lair:5   | Killed Sonja
 16455 | Lair:5   | Gained mutation: Your magical capacity is low. (-10% MP)
                  | [hidden defects]
 16759 | Lair:5   | Reached ****** piety under Trog
 16785 | Lair:5   | Received a gift from Trog
 16823 | Lair:5   | Gained mutation: You occasionally lose the ability to drink
                  | potions when taking damage. [hidden defects]
 16823 | Lair:5   | Lost mutation: You have hidden genetic defects. [hidden
                  | defects expressed]
 16834 | Lair:5   | Lost mutation: You passively dampen the noise of your
                  | surroundings. [potion of mutation]
 16834 | Lair:5   | Lost mutation: Your magical capacity is low. (-10% MP)
                  | [potion of mutation]
 16834 | Lair:5   | Lost mutation: You have large cloven feet. [potion of
                  | mutation]
 16834 | Lair:5   | Gained mutation: You possess an exceptional clarity of
                  | mind. [potion of mutation]
 16834 | Lair:5   | Lost mutation: You possess an exceptional clarity of mind.
                  | [potion of mutation]
 16834 | Lair:5   | Gained mutation: Your flesh is heat resistant. (rF+)
                  | [potion of mutation]
 17331 | Orc:1    | Entered Level 1 of the Orcish Mines
 17391 | Orc:2    | Entered Level 2 of the Orcish Mines
 17413 | Orc:2    | Noticed Azrael
 17458 | Orc:2    | Killed Azrael
 17520 | Orc:2    | Found a staircase to the Elven Halls.
 17669 | Orc:2    | Noticed Donald
 17693 | Orc:2    | Killed Donald
 18061 | Orc:2    | Reached XP level 16. HP: 153/187 MP: 8/15
 18189 | Orc:2    | Found Qurod's Jewellery Boutique.
 18189 | Orc:2    | Found Agaahan's Distillery.
 18190 | Orc:2    | Found Coeguedghos's Antique Armour Emporium.
 18190 | Orc:2    | Found Damof's Book Shop.
 18322 | Orc:2    | Bought an amulet of regeneration for 360 gold pieces
 18322 | Orc:2    | Bought an amulet of reflection for 360 gold pieces
 18372 | Orc:1    | Found Qiyfachuepyb's Book Emporium.
 18386 | Orc:1    | Received a gift from Trog
 18736 | Elf:1    | Entered Level 1 of the Elven Halls
 18783 | Elf:1    | Paralysed by an air elemental for 1 turns
 18916 | Elf:1    | Identified the +10 short sword "Rusad" {venom, rElec Str+3
                  | Dex+4}
 19429 | Elf:1    | Paralysed by an air elemental for 1 turns
 19435 | Elf:1    | Paralysed by an air elemental for 1 turns
 19983 | Elf:1    | Reached skill level 15 in Fighting
 19993 | Elf:1    | Identified the +9 orcbow "Riozow" {heavy, Int+2}
 20270 | Spider:1 | Entered Level 1 of the Spider Nest
 20634 | Swamp:1  | Entered Level 1 of the Swamp
 20651 | Swamp:1  | Received a gift from Trog
 20997 | Swamp:1  | Reached skill level 16 in Unarmed Combat
 21469 | Swamp:2  | Noticed a thorn hunter
 21476 | Swamp:2  | Killed a thorn hunter
 21685 | Swamp:2  | Noticed a tentacled monstrosity
 21691 | Swamp:2  | Killed a tentacled monstrosity
 21692 | Swamp:2  | Reached skill level 17 in Unarmed Combat
 22286 | Swamp:3  | Reached XP level 17. HP: 201/202 MP: 16/16
 22508 | Swamp:3  | Identified the +10 rapier of a volcano {heavy, rC+ rCorr}
                  | (Trog gifted it to you on level 3 of the Swamp)
 22508 | Swamp:3  | Received a gift from Trog
 22511 | Swamp:3  | Reached skill level 18 in Unarmed Combat
 22616 | Swamp:3  | Noticed Mlioglotl
 22625 | Swamp:3  | Killed Mlioglotl
 22821 | Swamp:4  | Entered Level 4 of the Swamp
 23237 | Swamp:4  | Noticed Mara
 23247 | Swamp:4  | Noticed Dordric's illusion
 23250 | Swamp:4  | Killed Mara
 23258 | Swamp:4  | Reached skill level 19 in Unarmed Combat
 23595 | Swamp:4  | HP: 3/303 [spriggan druid/stone arrow (30)]
 23601 | Swamp:4  | HP: 2/202 [spriggan druid/+0 quarterstaff (5)]
 23601 | Swamp:4  | Killed from afar by a spriggan druid

Illustrated notes

Levels and vault maps discovered:
D:1:      spicycebolla_green_bress_n_ham, layout_rooms, serial_glass,
          glass_columns_a, glass_columns_b, feat_on_display, feat_on_display,
          item_on_display_a, nicolae_the_louvre
D:2:      layout_loops_cross
D:3:      layout_rooms, nicolae_ru_sacrificial_ziggurat,
          mainiacjoe_overflow_surrounded_room, hangedman_abyss_or_decor_stabs,
          nicolae_goblin_pals
D:4:      layout_rooms, nicolae_shop_dragon_depot, corexii_hall_statues_i,
          uniq_blork_the_orc
D:5:      layout_loops_ring, overflow_temple_1_default,
          gammafunk_ghost_mausoleum, minmay_shop_mayhem
D:6:      layout_basic, mainiacjoe_overflow_catwalk, temple_pool_b,
          gup_ossuary_entry_pyramid, kb_rosetta, uniq_edmund
D:7:      layout_rooms, minitemple, minmay_tree_intersection,
          minmay_statues_item, kennysheep_opposing_triangles, uniq_pikel
D:8:      layout_basic, gammafunk_ghost_split,
          hellmonk_guarded_unrand_gyre_and_gimble
D:9:      gammafunk_indiana_jones, layout_basic, nicolae_overflow_hidden_temple,
          nzn_hepliaklqana_mist_gate, mainiacjoe_overflow_divided_tiny,
          enter_bailey_5
D:10:     layout_cave_pods, mainiacjoe_overflow_six_doors_small,
          lemuel_coloured_pillars_altar, minmay_misc_feat_iff, uniq_maggie
D:11:     layout_basic, due_lair_maze_entry_diamond, evilmike_butchery
D:12:     minmay_bloctagon_deflated, layout_irregular_city
Temple:   corrupted_temple
Lair:1:   layout_cave_pods, grunt_megastairs_1, lemuel_fruit_tree
Lair:2:   layout_cave_pods, uniq_harold, uniq_fannar
Lair:3:   layout_roguey, nicolae_swamp_entry_splash_gauntlet,
          nicolae_spider_entry_lesser_pyramids, portal_ice_cave_demonic_guard,
          grunt_megastairs_5
Lair:4:   nzn_winding_woodlands_stair_cross [nzn_winding_woodlands_5x15_garden,
          nzn_winding_woodlands_center_garden,
          nzn_winding_woodlands_5x15_crooked,
          nzn_winding_woodlands_5x5_perimeter,
          nzn_winding_woodlands_5x5_checkerboard,
          nzn_winding_woodlands_5x15_twine, nzn_winding_woodlands_center_lodge,
          nzn_winding_woodlands_5x15_sidewinder], layout_cellular_growth,
          slime_entry_2, chequers_serial_rivers_large_a, forest_entry_grove,
          uniq_snorg
Lair:5:   due_jungle_book, layout_big_grid, serial_forest,
          infiniplex_forest_zigzag_1, infiniplex_forest_clump_cross,
          infiniplex_forest_clump_medium, infiniplex_forest_clump_double,
          infiniplex_forest_lined_2, infiniplex_forest_end_1,
          infiniplex_forest_lined_corner, infiniplex_forest_end_2,
          lemuel_fruit_fields, uniq_kirke, uniq_sonja
Swamp:1:  layout_falls_marsh, infiniplex_staircase_pool_2, hangedman_swamp_pad,
          swamp_pool1
Swamp:2:  layout_basic_swamp, evilmike_swamp_ruin_house_3, swamp_pool2
Swamp:3:  layout_falls_marsh, nicolae_swamp_dense_foliage, swamp_pool2,
          uniq_mlioglotl
Swamp:4:  grunt_swamp_rune_castle, layout_basic_swamp, uniq_mara
Spider:1: layout_spider_delve, worms_lemuel
Orc:1:    layout_diamond_mine, serial_shops, shop
Orc:2:    st_orc_ogre_mass, layout_diamond_mine, uniq_donald, uniq_azrael
Elf:1:    minmay_elf_arrival_summoners, layout_loops_corners,
          kennysheep_underground_church

Skill      XL: |  1  2  3  4  5  6  7  8  9 10 11 12 13 14 15 16 17 |
---------------+----------------------------------------------------+-----
Unarmed Combat | 4 5 6 8 9 12 14 15 17 19 | 19.5
Shapeshifting  | 7 11 12 15 16 | 16.2
Fighting       | 9 13 15 | 15.0
Dodging        | |  1.5

Action                     |  1- 3 |  4- 6 |  7- 9 | 10-12 | 13-15 | 16-18 || total
---------------------------+-------+-------+-------+-------+-------+-------++-------
  Melee: Unarmed           |    97 |    81 |   203 |   211 |  1037 |   532 ||  2161
         Punch             |     3 |     2 |    18 |    17 |   131 |    68 ||   239
         Kick              |       |       |       |       |    66 |       ||    66
 Invoke: Berserk           |       |       |     2 |     2 |    13 |    15 ||    32
         Trog's Hand       |       |       |       |     1 |     5 |     6 ||    12
         Brothers in Arms  |       |       |       |       |     1 |     2 ||     3
  Evoke: Wand              |       |       |       |     1 |     2 |       ||     3
    Use: Scroll            |       |       |     9 |     8 |     6 |     7 ||    30
         Potion            |       |       |       |     2 |     3 |     3 ||     8
   Stab: Sleeping          |     1 |       |       |       |       |       ||     1
         Petrified         |       |       |       |       |     3 |       ||     3
 Armour: Animal skin       |    37 |    19 |    39 |       |       |       ||    95
         Troll leather arm |       |       |    31 |    71 |       |       ||   102
         Gold dragon scale |       |       |       |     1 |   949 |   647 ||  1597
  Dodge: Dodged            |    37 |    36 |    92 |    73 |    74 |    62 ||   374
  Block: Other             |       |       |       |       |       |   123 ||   123
         Reflection        |       |       |       |       |       |     4 ||     4
   Form: Blade             |       |       |       |     2 |     1 |       ||     3
         Beast             |       |       |       |     2 |     1 |       ||     3

Table legend: (Time is in decaauts)
 A = Elapsed time spent in this place.
 B = Non-inter-level travel time spent in this place.
 C = Inter-level travel time spent in this place.
 D = Time resting spent in this place.
 E = Time spent auto-exploring this place.
 F = Levels seen in this place.
 G = Mean time per level.
                   A        B        C        D        E       F      G
               +--------+--------+--------+--------+--------+-----+--------+
         Total |  23403 |  21347 |   2056 |   1553 |  15045 |  28 |  835.8 |
       Dungeon |  10733 |   9292 |   1441 |    381 |   7056 |  12 |  894.4 |
        Temple |     34 |     19 |     15 |      0 |      0 |   1 |   34.0 |
          Lair |   6047 |   5669 |    378 |    261 |   4210 |   5 | 1209.4 |
         Swamp |   3054 |   2963 |     91 |    623 |   1682 |   4 |  763.5 |
   Spider Nest |    141 |    141 |      0 |      0 |     71 |   1 |  141.0 |
  Orcish Mines |   1404 |   1320 |     84 |     54 |    796 |   2 |  702.0 |
   Elven Halls |   1336 |   1291 |     45 |     25 |    982 |   1 | 1336.0 |
       Ossuary |    255 |    255 |      0 |    103 |     73 |   1 |  255.0 |
        Bailey |    396 |    396 |      0 |    104 |    174 |   1 |  396.0 |
               +--------+--------+--------+--------+--------+-----+--------+

Top non-repeatable levels by time:
     D:9: 1588 daAuts
  Lair:4: 1422 daAuts
  Lair:3: 1338 daAuts
  Lair:5: 1337 daAuts
   Elf:1: 1336 daAuts
     D:8: 1278 daAuts
     D:6: 1144 daAuts
     D:7: 1080 daAuts
  Lair:2: 1029 daAuts
   Orc:2: 1025 daAuts
 Swamp:3: 985 daAuts
 Swamp:1: 981 daAuts
    D:10: 924 daAuts
  Lair:1: 920 daAuts
     D:4: 855 daAuts
